 Dungeon Crawl Stone Soup version 0.26.1-11-gd32895ea62 (webtiles) character file.

Game seed: 8000854640976747348

112 Gwenloh the Grasshopper (level 4, -3/38 HPs)
             Began as a Gnoll Warper on May 13, 2021.
             Slain by Purgy (5 damage)
             ... in a sewer.
             The game lasted 00:08:54 (2321 turns).

Gwenloh the Grasshopper (Gnoll Warper)              Turns: 2321, Time: 00:08:55

Health: -3/38      AC:  4    Str: 14    XL:     4   Next: 93%
Magic:  11/11      EV: 18    Int: 15    God:
Gold:   133        SH:  0    Dex: 15    Spells: 7/13 levels left

rFire    . . .     SeeInvis .   z - +0 whip
rCold    . . .     Faith    .   (no shield)
rNeg     . . .     Spirit   .   s - +1 leather armour
rPois    .         Reflect  .   (no helmet)
rElec    .         Harm     .   (no cloak)
rCorr    .         Rampage  .   (no gloves)
Will     .....                  (no boots)
Stlth    ++........             (no amulet)
HPRegen  0.12/turn              (no ring)
MPRegen  0.12/turn              p - +4 ring of evasion

@: no status effects
A: distributed training, fangs 1, strong nose
a: no special abilities


You were in a sewer.
You visited 1 branch of the dungeon, and saw 3 of its levels.
You also visited: Sewer.

You collected 133 gold pieces.

Inventory:

Hand Weapons
 a - a +0 mace
 b - a +0 hunting sling
 z - a +0 whip (weapon)
Missiles
 c - 7 bolts
 e - 5 boomerangs of dispersal
 m - 55 stones
 r - 14 sling bullets
 x - 18 arrows
 y - 10 poisoned darts (quivered)
Armour
 h - a +0 scale mail
 s - a +1 leather armour (worn)
Jewellery
 p - a +4 ring of evasion (right hand)
Scrolls
 d - a scroll of blinking
 g - 2 scrolls of enchant armour
 i - 3 scrolls of teleportation
 j - a scroll of identify
 n - 2 scrolls of amnesia
 v - a scroll of remove curse
Potions
 f - a potion of attraction {unknown}
 k - a potion of heal wounds {unknown}
 l - a potion of brilliance {unknown}
 o - a potion of magic {unknown}
 q - a potion of berserk rage {unknown}
 t - a potion of degeneration {unknown}
 u - a potion of cancellation {unknown}


   Skills:
 + Level 4.7 Fighting
 + Level 1.2 Short Blades
 + Level 1.2 Long Blades
 + Level 1.2 Axes
 + Level 4.7 Maces & Flails
 + Level 1.2 Polearms
 + Level 1.2 Staves
 + Level 1.2 Slings
 + Level 1.2 Bows
 + Level 1.2 Crossbows
 + Level 2.8 Throwing
 + Level 2.8 Armour
 + Level 4.7 Dodging
 + Level 1.2 Stealth
 + Level 1.2 Shields
 + Level 1.2 Unarmed Combat
 + Level 5.1 Spellcasting
 + Level 1.0 Conjurations
 + Level 1.0 Hexes
 + Level 1.0 Summonings
 + Level 1.0 Necromancy
 + Level 5.5 Translocations
 + Level 1.0 Transmutations
 + Level 1.0 Fire Magic
 + Level 1.0 Ice Magic
 + Level 1.0 Air Magic
 + Level 1.0 Earth Magic
 + Level 1.0 Poison Magic
 + Level 1.4 Invocations
 + Level 1.2 Evocations


You had 7 spell levels left.
You knew the following spells:

 Your Spells              Type           Power        Failure   Level
a - Blink                 Tloc           N/A          3%          2
b - Passage of Golubria   Tloc           N/A          21%         4

Your spell library contained the following spells:

 Spells                   Type           Power        Failure   Level
 Gell's Gravitas          Tloc           10%          6%          3
 Lesser Beckoning         Tloc           10%          6%          3
 Teleport Other           Tloc           20%          6%          3


Dungeon Overview and Level Annotations

Branches:
Dungeon (3/15)              Sewer (1/1)

Altars:

Annotations:
Sewer Purgy


Innate Abilities, Weirdness & Mutations

Your experience applies equally to all skills.
You have very sharp teeth.
Your uncanny sense of smell can sniff out nearby items.


Message History

Purgy closely misses you. Purgy misses you. Purgy barely misses you.
You hit Purgy.
Purgy is heavily wounded.
Purgy misses you. Purgy claws you but does no damage. Purgy misses you.
You closely miss Purgy.
Purgy is heavily wounded.
You hit Purgy. You bite Purgy.
Purgy is severely wounded.
Purgy bites you!
* * * LOW HITPOINT WARNING * * *
Purgy barely misses you. Purgy claws you but does no damage.
You hit Purgy.
Purgy is almost dead.
Purgy closely misses you. Purgy claws you.
* * * LOW HITPOINT WARNING * * *
Purgy closely misses you.
You miss Purgy.
Purgy is severely wounded.
Purgy bites you.
You die...

≈≈≈≈≈≈≈ ≈≈≈≈≈≈≈ ≈≈≈≈≈≈≈
# ##≈≈≈≈≈≈≈ # #.≈≈≈≈≈≈≈
# ∆∆∆#######.≈≈≈≈≈≈≈ ∆
≈≈....(≈≈≈≈≈≈≈≈ ∆∆∆
##T≈≈≈≈≈≈≈ #.@≈≈≈≈≈≈≈
##≈≈≈≈≈≈≈≈ ##≈≈≈≈≈≈≈≈ #
###≈≈≈≈≈≈≈≈≈ ###
###≈≈≈≈≈≈≈≈≈≈# ≈.#
###≈≈≈≈≈≈≈≈≈≈≈≈#
≈########≈≈≈≈≈≈≈≈≈≈≈≈≈##
≈≈≈#..#.†≈≈≈≈≈≈≈≈≈≈≈###
≈≈≈≈.≈≈≈≈≈≈≈≈≈≈≈≈≈≈##


You could see Purgy (very poisoned).

Vanquished Creatures
  2 adders
  A gnoll (D:2)
  2 worms (D:2)
  3 dart slugs
  4 leopard geckos
  4 giant cockroaches
  9 goblins
  8 hobgoblins
  5 jackals
  2 quokkas (D:2)
  8 bats
  6 frilled lizards
  3 kobolds
  9 rats
66 creatures vanquished.

Notes
Turn   | Place    | Note
-------+----------+-------------------------------------------
     0 | D:1      | Gwenloh the Gnoll Warper began the quest for the Orb.
     0 | D:1      | Reached XP level 1. HP: 20/20 MP: 6/6
   501 | D:1      | Reached XP level 2. HP: 26/26 MP: 7/7
   504 | D:1      | Learned a level 2 spell: Blink
   775 | D:1      | Reached XP level 3. HP: 27/31 MP: 9/9
   793 | D:1      | Reached skill level 5 in Spellcasting
  1246 | D:2      | Reached skill level 1 in Invocations
  1441 | D:2      | Reached skill level 1 in Short Blades
  1441 | D:2      | Reached skill level 1 in Long Blades
  1441 | D:2      | Reached skill level 1 in Axes
  1441 | D:2      | Reached skill level 1 in Polearms
  1441 | D:2      | Reached skill level 1 in Staves
  1441 | D:2      | Reached skill level 1 in Slings
  1441 | D:2      | Reached skill level 1 in Bows
  1441 | D:2      | Reached skill level 1 in Crossbows
  1441 | D:2      | Reached skill level 1 in Stealth
  1441 | D:2      | Reached skill level 1 in Shields
  1441 | D:2      | Reached skill level 1 in Unarmed Combat
  1441 | D:2      | Reached skill level 1 in Evocations
  1492 | D:2      | Reached XP level 4. HP: 29/38 MP: 11/11
  1567 | D:2      | Learned a level 4 spell: Passage of Golubria
  1823 | D:2      | Reached skill level 1 in Conjurations
  1823 | D:2      | Reached skill level 1 in Hexes
  1823 | D:2      | Reached skill level 1 in Summonings
  1823 | D:2      | Reached skill level 1 in Necromancy
  1823 | D:2      | Reached skill level 1 in Transmutations
  1823 | D:2      | Reached skill level 1 in Fire Magic
  1823 | D:2      | Reached skill level 1 in Ice Magic
  1823 | D:2      | Reached skill level 1 in Air Magic
  1823 | D:2      | Reached skill level 1 in Earth Magic
  1823 | D:2      | Reached skill level 1 in Poison Magic
  2216 | D:3      | Found a glowing drain.
  2235 | Sewer    | Entered a sewer
  2303 | Sewer    | Noticed Purgy
  2321 | Sewer    | Slain by Purgy

Illustrated notes

Levels and vault maps discovered:
D:1:      nzn_arrival_depleted_hourglass, layout_loops_ring, minmay_pentomino_r4
D:2:      layout_loops_ring, minmay_divided_ellipse
D:3:      layout_loops_corners, general_overflow_altar,
          nicolae_overflow_crystal_walls, gup_sewer_entry_bubbles,
          yredelemnul_altar_generic
Sewer:    sewer_co_purgy_island

Skill      XL: |  1  2  3  4 |
---------------+-------------+-----
Spellcasting   | 5 |  5.1
Invocations    | 1 |  1.4
Short Blades   | 1 |  1.2
Long Blades    | 1 |  1.2
Axes           | 1 |  1.2
Polearms       | 1 |  1.2
Staves         | 1 |  1.2
Slings         | 1 |  1.2
Bows           | 1 |  1.2
Crossbows      | 1 |  1.2
Stealth        | 1 |  1.2
Shields        | 1 |  1.2
Unarmed Combat | 1 |  1.2
Evocations     | 1 |  1.2
Conjurations   | 1 |  1.0
Hexes          | 1 |  1.0
Summonings     | 1 |  1.0
Necromancy     | 1 |  1.0
Transmutations | 1 |  1.0
Fire Magic     | 1 |  1.0
Ice Magic      | 1 |  1.0
Air Magic      | 1 |  1.0
Earth Magic    | 1 |  1.0
Poison Magic   | 1 |  1.0
Fighting       | |  4.7
Maces & Flails | |  4.7
Throwing       | |  2.8
Armour         | |  2.8
Dodging        | |  4.7
Translocations | |  5.5

Action                   |  1- 3 |  4- 6 || total
-------------------------+-------+-------++-------
Melee: Mace              |   158 |    34 ||   192
       Bite              |    20 |     8 ||    28
       Whip              |       |    63 ||    63
Throw: Dart              |       |    11 ||    11
  Use: Scroll            |     4 |     2 ||     6
 Stab: Sleeping          |     1 |     1 ||     2
Armor: Leather armour    |    46 |    11 ||    57
Dodge: Dodged            |   117 |    85 ||   202
